 Dungeon Crawl Stone Soup version 0.19.1-1-g22dce08 (console) character file.

216 Kloppie the Slasher (level 5, -2/45 HPs)
             Began as a Draconian Berserker on Jan 1, 2017.
             Was a Priest of Trog.
             Slain by a shadow imp (5 damage)
             ... summoned by Natasha
             ... on level 3 of the Dungeon.
             The game lasted 00:02:15 (1987 turns).

Kloppie the Slasher (Draconian Berserker)           Turns: 1987, Time: 00:02:15

Health: -2/45      AC:  5    Str: 19    XL:     5   Next: 61%
Magic:  5/5        EV: 12    Int:  8    God:    Trog [***...]
Gold:   145        SH:  0    Dex: 11    Spells: 0 memorised, 4 levels left

rFire  . . .     SeeInvis .     a - +0 falchion
rCold  . . .     Gourm    .     (armour unavailable)
rNeg   . . .     Faith    .     (no shield)
rPois  .         Spirit   .     (helmet restricted)
rElec  .         Reflect  .     (no cloak)
rCorr  .         Harm     .     (no gloves)
MR     .....                    (no boots)
Stlth  +.........               (no amulet)
                                (no ring)
                                (no ring)

@: exhausted, flying, slowed, very slow
A: unfitting armour, cold-blooded, AC +5
a: Berserk, Trog's Hand, Burn Spellbooks, Renounce Religion


You were on level 3 of the Dungeon.
You worshipped Trog.
Trog was most pleased with you.
You were not hungry.

You visited 1 branch of the dungeon, and saw 3 of its levels.

You collected 145 gold pieces.

Inventory:

Hand Weapons
 a - a +0 falchion (weapon)
Jewellery
 o - an uncursed amulet of the gourmand {unknown}
Scrolls
 g - 3 scrolls of identify {unknown}
 h - a scroll of teleportation {unknown}
 i - a scroll of fear {unknown}
 k - a scroll of recharging {unknown}
 l - 2 scrolls of amnesia {unknown}
Potions
 c - a potion of berserk rage {unknown}
 e - a potion of flight
 m - a potion of lignification {unknown}
 n - a potion of degeneration {unknown}
 p - a potion of agility {unknown}
 q - a potion of ambrosia {unknown}
Comestibles
 b - 2 bread rations
 d - 2 chunks of flesh
 f - 4 fruits
 j - a meat ration


   Skills:
 - Level 3.2 Fighting
 + Level 6.4 Long Blades
 - Level 2.6 Dodging


You had 4 spell levels left.
You didn't know any spells.

Dungeon Overview and Level Annotations

Branches:
Dungeon (3/15)

Altars:

Annotations:
D:3 Natasha


Innate Abilities, Weirdness & Mutations

Your plain brown scales are hard. (AC +5)
You cannot fit into any form of body armour.
You are cold-blooded and may be slowed by cold attacks.


Message History

* * * LOW HITPOINT WARNING * * *
The shadow imp closely misses you.
You riposte.
You completely miss the shadow imp. You tail-slap the shadow imp.
The shadow imp is severely wounded.
You hit Natasha but do no damage.
Natasha is moderately wounded.
Natasha closely misses you. The shadow imp closely misses you.
Natasha closely misses you.
You barely miss Natasha. You tail-slap Natasha.
Natasha is heavily wounded.
The shadow imp gestures at you. Pain shoots through your body!
* * * LOW HITPOINT WARNING * * *
Natasha drinks a potion.
Natasha is healed!
The shadow imp hits you.
* * * LOW HITPOINT WARNING * * *
It was a potion of flight.
You feel very buoyant.
You fly up into the air.
Natasha claws you but does no damage. The shadow imp hits you.
You die...

#....# ###.######+##
#....# #.# ....#
#....#####.## ....##
#....#......###...?.#
######......#.......#
#......#.......#
#..[...#%†......
#...............
#######.@##.....
#h5....... ##.##..?..
#.. .... ##.# ... ..
.. #.. . .#


You could see Natasha and a shadow imp.

Vanquished Creatures
  An orc priest (D:3)
  Natasha (twice) (D:3)
  A worker ant (D:3)
  3 adders
  An ooze (D:1)
  An adder skeleton (D:3)
  2 worms (D:2)
  A dart slug (D:3)
  4 leopard geckos
  3 orcs (D:3)
  6 bats
  6 giant cockroaches
  4 goblins
  8 hobgoblins
  8 jackals
  6 kobolds
  A quokka (D:3)
  4 rats
62 creatures vanquished.

Notes
Turn   | Place    | Note
-------+----------+-------------------------------------------
     0 | D:1      | Kloppie the Draconian Berserker began the quest for the Orb.
     0 | D:1      | Reached XP level 1. HP: 19/19 MP: 1/1
   132 | D:1      | Reached XP level 2. HP: 15/26 MP: 2/2
   342 | D:1      | Reached skill level 4 in Long Blades
   667 | D:1      | Reached XP level 3. HP: 30/31 MP: 3/3
   912 | D:2      | Reached ** piety under Trog
  1387 | D:3      | Reached XP level 4. HP: 31/38 MP: 4/4
  1403 | D:3      | Reached skill level 5 in Long Blades
  1434 | D:3      | Noticed Natasha
  1445 | D:3      | Killed Natasha
  1693 | D:3      | Reached XP level 5. HP: 26/45 MP: 5/5
  1696 | D:3      | Reached skill level 6 in Long Blades
  1963 | D:3      | Noticed Natasha
  1974 | D:3      | Killed Natasha
  1974 | D:3      | Reached *** piety under Trog
  1979 | D:3      | Noticed Natasha
  1987 | D:3      | Slain by a shadow imp

Skill      XL: |  1  2  3  4  5 |
---------------+----------------+-----
Long Blades    | 4 5 6 |  6.4
Fighting       | |  3.2
Dodging        | |  2.6

Action                   |  1- 3 |  4- 6 || total
-------------------------+-------+-------++-------
Melee: Falchion          |   112 |    58 ||   170
       Tailslap          |    14 |    13 ||    27
Invok: Berserk           |       |     3 ||     3
  Use: Potion            |       |     1 ||     1
 Stab: Sleeping          |     2 |       ||     2
  Eat: Chunk             |     2 |     4 ||     6
Armor: Skin              |    43 |    25 ||    68
Dodge: Dodged            |    72 |    49 ||   121
       Rpst.: Falchion   |    20 |    17 ||    37
